 Dungeon Crawl Stone Soup version 0.16.1-17-g773cdaf (webtiles) character file.

1809 tesudzi the Fighter (level 9, -4/66 HPs)
             Began as an Octopode Wanderer on Apr 21, 2015.
             Was a Believer of Dithmenos.
             Killed from afar by an orc wizard (12 damage)
             ... with a puff of flame
             ... on level 6 of the Dungeon.
             The game lasted 00:21:48 (8600 turns).

tesudzi the Fighter (Octopode Wanderer)             Turns: 8600, Time: 00:21:48

Health: -4/66      AC:  1    Str: 13    XL:     9   Next: 10%
Magic:  9/9        EV: 14    Int: 14    God:    Dithmenos [**....]
Gold:   320        SH:  0    Dex: 16    Spells: 0 memorised, 8 levels left

rFire  . . .     SeeInvis .     a - +3 falchion
rCold  . . .     Clarity  .     (no shield)
rNeg   . . .     SustAb   .     (helmet restricted)
rPois  .         Gourm    +     y - amulet of the gourmand
rElec  .         Spirit   .     n - ring of fire
rCorr  .         Warding  .     w - +3 ring of intelligence
rMut   .         Stasis   .     G - ring of ice
MR     .....                    (no ring)
Stlth  ++++......               (no ring)
                                (no ring)
                                (no ring)
                                (no ring)

@: wreathed by umbra, not resistant to hostile enchantments, stealthy
A: almost no armour, amphibious, 8 rings, constrict 8, camouflage 1, gelatinous
body 1
a: Shadow Step, Renounce Religion


You were on level 6 of the Dungeon.
You worshipped Dithmenos.
Dithmenos was pleased with you.
You were very full.

You visited 1 branch of the dungeon, and saw 6 of its levels.

You collected 320 gold pieces.

Inventory:

Hand weapons
 a - a +3 falchion (weapon)
 b - a +0 hand crossbow
 p - a +0 blowgun
 s - a +0 whip of freezing
 x - a +1 mace of protection
 B - a +1 rapier of venom
 F - a +2 shortbow of freezing
Missiles
 d - 68 arrows
 e - 32 bolts
 h - 72 poisoned needles
Jewellery
 n - a ring of fire (left tentacle)
 w - a +3 ring of intelligence (right tentacle)
 y - an amulet of the gourmand (around mantle)
 G - a ring of ice (on tentacle)
Magical devices
 z - a wand of draining (5)
Scrolls
 l - 2 scrolls of teleportation
 m - a scroll of noise
 o - a scroll of blinking {unknown}
 q - 2 scrolls of remove curse
 r - a scroll of identify
 t - a scroll of fog
 A - a scroll of enchant armour {unknown}
 E - 3 scrolls of magic mapping
 H - a scroll of amnesia {unknown}
Potions
 g - a potion of restore abilities {unknown}
 i - a potion of brilliance
 u - a potion of might
 C - a potion of cancellation {unknown}
Books
 c - a book of the Warp

   Spells                             Type                      Level
   a - Recall                         Summoning/Translocation      3
   b - Control Teleport               Charms/Translocation         4
   c - Force Lance                    Conjuration/Translocation    4
   d - Phase Shift                    Translocation                5
   e - Warp Weapon                    Charms/Translocation         5
   f - Gell's Gravitas                Hexes/Translocation          5
   g - Summon Forest                  Summoning/Translocation      5
Comestibles
 f - 6 bread rations
 j - a beef jerky
 k - 3 meat rations
 D - 2 fruits


   Skills:
 - Level 8.2 Fighting
 - Level 7.9 Long Blades
 - Level 2.0 Crossbows
 + Level 4.4 Dodging
 - Level 1.3 Stealth
   Level 1.0 Shields


You had 8 spell levels left.
You didn't know any spells.

Dungeon Overview and Level Annotations

Branches:
Dungeon (6/15)             Temple (0/1) D:4

Altars:
Dithmenos
Fedhas
Trog


Innate Abilities, Weirdness & Mutations

You cannot wear most types of armour.
You are amphibious.
You can wear up to eight rings at the same time.
You can use your tentacles to constrict many enemies at once.
Your skin changes colour to match your surroundings (Stealth).
Your rubbery body absorbs attacks (AC +1).


Message History

* * * LOW HITPOINT WARNING * * *
Firing (i - inventory):
e - 33 bolts (quivered)
Press: ? - help, Shift-Dir - straight line You shoot a bolt.
Something hits you.
* * * LOW HITPOINT WARNING * * *
a - a +3 falchion (weapon)
Something hits you.
* * * LOW HITPOINT WARNING * * *
Drink which item? (? for menu, Esc to quit)
Okay, then.
You're too confused!
Evoke which item? (* to show all) (? for menu, Esc to quit)
Zapping:
z - a wand of draining (will waste charges)
Press: ? - help, Shift-Dir - straight line Evoking this partially-identified wand wasted a few charges.
You feel less confused. Something hits you but does no damage.
You hear some strange, mumbled words.
The puff of flame hits you!
You die...

.#.#########.#.#
.#.##..o.....#.#
.#.##.######.#.# .
.#.#..# #.#.# #.#
...#..######.#.######.##
.......................#
......######.#..#####..#
.#....#### #.#...(....(#
.........# #.#..@...#..#
.#######)###.#...#.##..#
.# #..)..##.#.........#
#####.....##.#...####.##
....)...>.##.#.... #)#
..###.....##.#.........#
.## #.....##.#...##.#.##
.####.....##.#...##.#.#
..........##.#.[### #.#


There were no monsters in sight!

Vanquished Creatures
  Pikel (D:4)
  Eustachio (D:4)
  An orc warrior (D:6)
  A phantom (D:6)
  2 slaves (D:4)
  A centaur (D:5)
  A giant frog (D:6)
  2 scorpions (D:5)
  A giant frog zombie (D:6)
  A hound (D:4)
  2 crimson imps
  3 orc priests
  A centaur skeleton (D:4)
  6 orc wizards
  2 worker ants
  A hound zombie (D:6)
  Robin (D:2)
  9 adders
  8 gnolls
  A giant mite (D:2)
  An adder skeleton (D:4)
  5 giant geckos
  An ooze (D:6)
  21 orcs
  7 bats
  A bat zombie (D:5)
  17 hobgoblins
  6 jackals (D:6)
  3 quokkas
  2 giant cockroaches
  4 giant newts
  19 goblins
  A jackal skeleton (D:4)
  12 kobolds
  9 rats
  A ballistomycete (D:6)
156 creatures vanquished.

Vanquished Creatures (others)
  A wizard (D:5)
  A giant spore (D:6)
  A kobold (D:4)
3 creatures vanquished.

Grand Total: 159 creatures vanquished

Notes
Turn   | Place    | Note
--------------------------------------------------------------
     0 | D:1      | tesudzi, the Octopode Wanderer, began the quest for the Orb.
     0 | D:1      | tesudzi set off with: a +2 falchion, a scroll of teleportation, a +0 hand crossbow, 26 bolts, a bread ration
     0 | D:1      | Reached XP level 1. HP: 14/14 MP: 1/1
   370 | D:1      | Reached XP level 2. HP: 14/19 MP: 2/2
   710 | D:2      | Noticed Robin
  1214 | D:2      | Reached XP level 3. HP: 21/24 MP: 3/3
  1248 | D:2      | Reached skill level 5 in Long Blades
  1257 | D:2      | Killed Robin
  1724 | D:2      | Reached XP level 4. HP: 26/29 MP: 4/4
  2021 | D:2      | Found a shadowy altar of Dithmenos.
  2026 | D:2      | Became a worshipper of Dithmenos the Shadowed
  2644 | D:3      | Reached skill level 6 in Long Blades
  2762 | D:3      | Reached XP level 5. HP: 31/34 MP: 5/5
  3523 | D:3      | Reached skill level 7 in Long Blades
  3527 | D:3      | Reached XP level 6. HP: 39/39 MP: 6/6
  3865 | D:3      | Found a blossoming altar of Fedhas.
  4183 | D:4      | Noticed Pikel
  4948 | D:4      | Killed Pikel
  4948 | D:4      | Reached skill level 5 in Fighting
  4948 | D:4      | Reached XP level 7. HP: 32/51 MP: 7/7
  4948 | D:4      | Reached XP level 8. HP: 35/57 MP: 8/8
  5190 | D:4      | Found a staircase to the Ecumenical Temple.
  5608 | D:4      | Noticed Eustachio
  5617 | D:4      | Killed Eustachio
  5940 | D:5      | Entered Level 5 of the Dungeon
  6529 | D:5      | Found a bloodstained altar of Trog.
  6529 | D:5      | Noticed a wizard
  6536 | D:5      | Killed a wizard
  7000 | D:6      | Acquired Dithmenos' first power
  7097 | D:6      | Reached skill level 8 in Fighting
  7377 | D:6      | HP: 2/61 [orc warrior/long sword (14)]
  7770 | D:6      | Reached skill level 1 in Dodging
  8149 | D:6      | Reached XP level 9. HP: 45/66 MP: 9/9
  8600 | D:6      | Killed from afar by an orc wizard

Action                   |  1- 3 |  4- 6 |  7- 9 || total
-------------------------+-------+-------+-------++-------
Melee: Falchion          |    47 |   106 |    56 ||   209
       Mace              |       |    15 |   106 ||   121
 Fire: Hand crossbow     |     6 |    22 |     4 ||    32
       Blowgun           |       |       |     8 ||     8
Evoke: Wand              |       |       |     1 ||     1
  Use: Potion            |     4 |     1 |     1 ||     6
       Scroll            |     4 |       |     6 ||    10
 Stab: Sleeping          |     4 |     2 |     7 ||    13
       Distracted        |       |       |     1 ||     1
  Eat: Chunk             |     2 |     7 |    23 ||    32
       Beef jerky        |       |     1 |       ||     1
       Pizza             |       |     1 |       ||     1
